 Dungeon Crawl Stone Soup version 0.31-a0-1321-g5021b54cb2 (console) character file.

Game seed: 14316386795331266746

1784607 RBrandon the Omniscient (level 25, 167/167 (168) HPs)
             Began as a Deep Elf Hexslinger on Dec 12, 2023.
             Was the Champion of Ashenzari.
             Escaped with the Orb
             ... and 3 runes on Dec 21, 2023!
             The game lasted 09:03:50 (58305 turns).

RBrandon the Omniscient (Deep Elf Hexslinger)      Turns: 58305, Time: 09:03:51

HP:   167/167 (168) AC: 27    Str:  5    XL:     25   Next: 31%
MP:   54/54         EV: 41    Int: 30    God:    Ashenzari [******]
Gold: 3809          SH: 19    Dex: 29    Spells: 3/66 levels left

rFire   + . .        a - +9 hand cannon {freeze, Fort, Comp} (curse)
rCold   + + +        i - +3 buckler of the Omniscient Portent {AC+3, Fort, Cun} (curse)
rNeg    . . .        e - +4 skin of Zhor {*Englaciate rC+++ SInv, Fort, Self} (curse)
rPois   +            D - +2 helmet "Gnostic Soothsayer" {Range, Cun} (curse)
rElec   .            A - +2 cloak "Per Aspera Ad Scientiam" {rPois, Range, Cun} (curse)
rCorr   .            O - +1 pair of gloves of Ashenzari's Fetters {Regen+ SInv, Cun, Dev} (curse)
SInv    +            R - +2 pair of boots "Bound With Me" {Stlth+, Range, Bglg} (curse)
Will    +++..        Z - brooch of Shielding {Spirit SH+8, Bglg, Range} (curse)
Stlth   ++           h - ring "Mysticism of Ashenzari" {rF+ Int+7 Slay+3, Range, Self} (curse)
HPRegen 1.27/turn    w - ring of Ashenzari's Fetters {Will+ AC+4 Dex+4, Dev, Cun} (curse)
MPRegen 0.34/turn

%: clarity, guardian spirit
@: studying 2 skills, lightly drained
A: deterioration 1, high MP 1, shaggy fur 1, MP-powered wands
0: Orb of Zot
}: 3/15 runes: decaying, serpentine, slimy
a: Renounce Religion, Shatter the Chains


You escaped.
You worshipped Ashenzari.
Ashenzari was exalted by your worship.
You visited 11 branches of the dungeon, and saw 52 of its levels.
You visited 1 bazaar.
You also visited: Sewer, Ice Cave, Volcano and Wizlab.

You collected 6990 gold pieces.
You spent 3181 gold pieces at shops.

Inventory:

Hand Weapons
 a - the cursed +9 hand cannon of the Shackled Seer (weapon) {freeze, Fort, Comp}
   (You took it off a vault sentinel on level 1 of the Vaults)

   It has a curse which improves the following skills: Fortitude: Armour and
   Shields.
   Companions: Summonings and Necromancy.
Missiles
 g - 9 curare-tipped darts
 F - 5 throwing nets
Armour
 e - the cursed +4 skin of Zhor (worn) {*Englaciate rC+++ SInv, Fort, Self}
   (You found it in an ice cave)

   *Englaciate: It radiates cold, occasionally slowing all nearby creatures who
   are not resistant to cold.
   rC+++:     It renders you almost immune to cold.
   SInv:      It lets you see invisible.
   It has a curse which improves the following skills: Fortitude: Armour and
   Shields.
   Introspection: Fighting and Spellcasting.
 i - the cursed +3 buckler of the Omniscient Portent (worn) {AC+3, Fort, Cun}
   (You took it off a tengu reaver on level 4 of the Vaults)

   It has a curse which improves the following skills: Fortitude: Armour and
   Shields.
   Cunning:   Dodging and Stealth.
 s - the +0 cloak "Citiaf" {Dex+6}
   (You bought it in a shop on level 2 of the Orcish Mines)

   Dex+6:     It affects your dexterity (+6).
 A - the cursed +2 cloak "Per Aspera Ad Scientiam" (worn) {rPois, Range, Cun}
   (You bought it in a shop on level 1 of the Dungeon)

   It has a curse which improves the following skills: Ranged Combat: Ranged
   Weapons and Throwing.
   Cunning:   Dodging and Stealth.
 D - the cursed +2 helmet "Gnostic Soothsayer" (worn) {Range, Cun}
   (You found it on level 4 of the Snake Pit)

   It has a curse which improves the following skills: Ranged Combat: Ranged
   Weapons and Throwing.
   Cunning:   Dodging and Stealth.
 O - the cursed +1 pair of gloves of Ashenzari's Fetters (worn) {Regen+ SInv, Cun, Dev}
   (You acquired it on level 10 of the Dungeon)

   SInv:      It lets you see invisible.
   Regen+:    It increases your rate of health regeneration.
   It has a curse which improves the following skills: Cunning: Dodging and
   Stealth.
   Devices:   Evocations and Shapeshifting.
 R - the cursed +2 pair of boots "Bound With Me" (worn) {Stlth+, Range, Bglg}
   (You acquired it on level 1 of the Swamp)

   It has a curse which improves the following skills: Ranged Combat: Ranged
   Weapons and Throwing.
   Beguiling: Hexes and Translocations.
Jewellery
 h - the cursed ring "Mysticism of Ashenzari" (left hand) {rF+ Int+7 Slay+3, Range, Self}
   (You bought it in a shop on level 1 of the Depths)

   [ring of protection from fire]

   Int+7:     It affects your intelligence (+7).
   Slay+3:    It affects your accuracy & damage with ranged weapons and melee
   (+3).
   rF+:       It protects you from fire.
   It has a curse which improves the following skills: Ranged Combat: Ranged
   Weapons and Throwing.
   Introspection: Fighting and Spellcasting.
 m - a +6 ring of dexterity
 r - a ring of positive energy
 w - the cursed ring of Ashenzari's Fetters (right hand) {Will+ AC+4 Dex+4, Dev, Cun}
   (You found it in a wizard's laboratory)

   [ring of protection]

   AC+4:      It affects your AC (+4).
   Dex+4:     It affects your dexterity (+4).
   Will+:     It increases your willpower.
   It has a curse which improves the following skills: Devices: Evocations and
   Shapeshifting.
   Cunning:   Dodging and Stealth.
 x - a ring of resist corrosion
 B - the ring of Petipp {rElec Dex+6}
   (You found it on level 2 of the Depths)

   [ring of dexterity]

   Dex+6:     It affects your dexterity (+6).
   rElec:     It insulates you from electricity.
 T - a ring of flight
 Z - the cursed brooch of Shielding (around neck) {Spirit SH+8, Bglg, Range}
   (You found it on level 5 of the Lair of Beasts)

   [amulet of guardian spirit]

   Spirit:    It causes incoming damage to be divided between your reserves of
   health and magic.
   SH+8:      It affects your SH (+8).
   It has a curse which improves the following skills: Beguiling: Hexes and
   Translocations.
   Ranged Combat: Ranged Weapons and Throwing.
Wands
 c - a wand of roots (61)
 q - a wand of acid (82)
 L - a wand of digging (27)
 N - a wand of polymorph (25)
 Q - a wand of charming (52)
Scrolls
 b - 18 scrolls of poison
 f - 6 scrolls of fog
 k - 4 scrolls of revelation
 o - 10 scrolls of fear
 t - a scroll of summoning
 u - 2 scrolls of brand weapon
 z - 5 scrolls of enchant armour
 G - 2 scrolls of silence
 M - 4 scrolls of amnesia
 P - 14 scrolls of teleportation
 S - 4 scrolls of blinking
 V - a scroll of enchant weapon
Potions
 l - 17 potions of mutation
 n - 9 potions of enlightenment
 p - 29 potions of curing
 y - 2 potions of cancellation
 C - 6 potions of lignification
 E - 5 potions of heal wounds
 H - 5 potions of attraction
 I - 10 potions of brilliance
 J - 7 potions of might
 K - 5 potions of haste
 W - a potion of resistance
 X - 2 potions of magic
Miscellaneous
 d - a phial of floods
 j - a lightning rod (4/4)
 U - a condenser vane
 Y - a phantom mirror


   Skills:
 + Level 16.2(19.6) Fighting
 - Level 17.0(23.4) Ranged Weapons
 - Level 5.9(10.5) Armour
 - Level 20.6(26.9) Dodging
 - Level 3.1(8.3) Stealth
 - Level 4.5(8.9) Shields
 - Level 17.6(21.0) Spellcasting
 - Level 8.5 Conjurations
 - Level 11.5(15.1) Hexes
 - Level 6.0(8.5) Summonings
 - Level 23.0(25.0) Necromancy
 - Level 6.0(9.6) Translocations
 - Level 1.6 Fire Magic
 - Level 7.6 Ice Magic
 - Level 5.0 Air Magic
 - Level 4.1 Alchemy
 - Level 23.4 Invocations
 - Level 13.0(16.5) Evocations


You had 3 spell levels left.
You knew the following spells:

 Your Spells              Type           Power      Damage    Failure   Level
a - Haunt                 Necr/Summ      46%        N/A       1%          7
b - Death's Door          Necr           55%        N/A       6%          9
c - Borgnjor's Vile Clut  Necr/Erth      41%        N/A       1%          5
d - Cause Fear            Hex            44%        N/A       1%          4
e - Fugue of the Fallen   Necr           100%       N/A       0%          3
f - Freezing Cloud        Conj/Ice/Air   32%        6-21      2%          5
g - Irradiate             Conj/Alch      31%        3d22      3%          5
h - Yara's Violent Unrav  Hex/Alch       36%        3d15      1%          5
i - Passage of Golubria   Tloc           74%        N/A       1%          4
j - Blink                 Tloc           100%       N/A       1%          2
k - Simulacrum            Ice/Necr       46%        N/A       1%          6
l - Infestation           Necr           55%        N/A       1%          8

Your spell library contained the following spells:

 Spells                   Type           Power      Damage    Failure   Level
 Necrotise                Necr           100%       1d9       0%          1
 Jinxbite                 Hex            100%       N/A       0%          2
 Sigil of Binding         Hex            89%        N/A       0%          3
 Tukima's Dance           Hex            89%        N/A       0%          3
 Vampiric Draining        Necr           100%       2d13      0%          3
 Foxfire                  Conj/Fire      100%       2x1d9     1%          1
 Freeze                   Ice            100%       1d10      1%          1
 Magic Dart               Conj           100%       1d8       1%          1
 Sandblast                Erth           62%        2d14      1%          1
 Sting                    Conj/Alch      100%       1d9       1%          1
 Call Imp                 Summ           100%       N/A       1%          2
 Cigotuvi's Dreadful Rot  Necr/Alch/Air  100%       N/A       1%          2
 Ensorcelled Hibernation  Hex/Ice        100%       N/A       1%          2
 Lesser Beckoning         Tloc           100%       N/A       1%          2
 Mercury Vapours          Alch/Air       100%       N/A       1%          2
 Passwall                 Alch/Erth      36%        N/A       1%          2
 Searing Ray              Conj           100%       2d8       1%          2
 Dazzling Flash           Conj/Hex       100%       N/A       1%          3
 Frozen Ramparts          Ice            100%       1d16      1%          3
 Hailstorm                Conj/Ice       68%        3d12      1%          3
 Inner Flame              Hex/Fire       69%        N/A       1%          3
 Stone Arrow              Conj/Erth      100%       3d13      1%          3
 Summon Guardian Golem    Hex/Summ       80%        N/A       1%          3
 Volatile Blastmotes      Fire/Tloc      100%       2d18      1%          3
 Anguish                  Hex/Necr       50%        N/A       0%          4
 Animate Dead             Necr           100%       N/A       0%          4
 Agony                    Necr           100%       N/A       0%          5
 Dimensional Bullseye     Hex/Tloc       41%        N/A       1%          4
 Fulminant Prism          Conj/Alch      31%        3d15      1%          4
 Iskenderun's Mystic Bla  Conj/Tloc      72%        2d15      1%          4
 Manifold Assault         Tloc           74%        N/A       1%          4
 Summon Ice Beast         Ice/Summ       68%        N/A       1%          4
 Summon Lightning Spire   Summ/Air       64%        N/A       1%          4
 Vhi's Electric Charge    Tloc/Air       100%       N/A       1%          4
 Iskenderun's Battlesphe  Conj           70%        2d12      1%          5
 Silence                  Hex/Air        37%        N/A       1%          5
 Summon Forest            Summ/Tloc      36%        N/A       1%          5
 Animate Armour           Summ/Erth      100%       N/A       3%          4
 Brom's Barrelling Bould  Conj/Erth      54%        2d7       3%          4
 Olgreb's Toxic Radiance  Alch           54%        N/A       3%          4
 Arcjolt                  Conj/Air       32%        1d42      3%          5
 Ignite Poison            Fire/Alch      48%        N/A       5%          4
 Sticky Flame             Fire/Alch      48%        2d9       5%          4
 Fireball                 Conj/Fire      29%        3d13      6%          5
 Petrify                  Alch/Erth      44%        N/A       7%          4
 Alistair's Intoxication  Alch           36%        N/A       9%          5
 Starburst                Conj/Fire      29%        6d9       32%         6
 Malign Gateway           Summ/Tloc      36%        N/A       34%         7
 Bombard                  Conj/Erth      27%        9d5       41%         6
 Spellforged Servitor     Conj/Summ      35%        N/A       41%         7
 Summon Hydra             Summ           35%        N/A       41%         7
 Lee's Rapid Deconstruct  Erth           15%        3d10*     43%         5
 Eringya's Noxious Bog    Alch           27%        4d6       43%         6
 Ozocubu's Refrigeration  Ice            33%        4d14      54%         7
 Plasma Beam              Fire/Air       25%        2x1d37    56%         6
 Disjunction              Tloc           37%        N/A       91%         8
 Ignition                 Fire           20%        3d7       100%        8
 Maxwell's Capacitive Co  Air            28%        ∞         100%        8
 Dragon's Call            Summ           35%        N/A       100%        9
 Fire Storm               Conj/Fire      29%        8d7       100%        9
 Polar Vortex             Ice            33%        12d4*     100%        9


Dungeon Overview and Level Annotations

Branches:
Dungeon (15/15)            Temple (1/1) D:5            Lair (5/5) D:11
  Swamp (4/4) Lair:3        Snake (4/4) Lair:3        Slime (5/5) Lair:4
    Orc (2/2) D:11            Elf (3/3) Orc:2        Vaults (4/5) D:13
  Crypt (0/3) Vaults:2     Depths (4/4) D:15            Zot (5/5) Depths:4
  Sewer (visited)           IceCv (visited)         Volcano (visited)
 WizLab (visited)

Altars:
Ashenzari
Cheibriados
Dithmenos
Elyvilon
Fedhas
Gozag
Hepliaklqana
Kikubaaqudgha
Makhleb
Nemelex Xobeh
Okawaru
Qazlal
Ru
Sif Muna
Trog
Uskayaw
Vehumet
Wu Jian
Xom
Yredelemnul
Zin
The Shining One
Jiyva

Shops:
D:1 [   Orc:1 *   Orc:2 =[((   Elf:2 :   Elf:3 (   Snake:2 *   Snake:3 [
Vaults:1 *   Vaults:4 !?   Depths:1 =   Depths:2 (

Portals:
Hell: Depths:1 Depths:2 Depths:4
Abyss: Depths:3
Pandemonium: Depths:2 Depths:3 Depths:4
Trove: D:10 (give 10 potions of heal wounds)

Annotations:
D:6 3 runed translucent doors, soberseth's ghost, novice GrCj
D:7 1 runed translucent door, Crazy Yiuf
Orc:1 3 runed translucent doors, lucidstorm14's ghost, journeyman MiBe
Orc:2 1 runed translucent door, liarliar's ghost, journeyman DsGl
Elf:2 1 runed translucent door, BlackBloode's ghost, adept DECj
Elf:3 1 runed translucent door, Lobster4's ghost, adept HuAE
Zot:5 1 exclusion


Innate Abilities, Weirdness & Mutations

Your body sometimes deteriorates upon taking damage.
You have an increased reservoir of magic. (+10% MP)
You are covered in fur. (AC +1)
You expend magic power (3 MP) to strengthen your wands.


Message History

You climb upwards.
There is a stone staircase leading down here.
There is an open door here.
There is a stone staircase leading up here.
You climb upwards.
There is a stone staircase leading down here.
A Brimstone Fiend comes into view.
Unknown command.
You radiate an aura of cold.
The Brimstone Fiend resists.
Casting: Infestation (mildly dangerous; 1% risk of failure)
Confirm with . or Enter, or press ? or * to list all spells.
Aiming: Passage of Golubria (safe; 1% risk of failure)
Press: ? - help, Dir - move target You enter the passage of Golubria.
There is a passage of Golubria here.
There is a stone staircase leading up here.
You climb upwards.
There is a stone staircase leading down here.
(D) Dungeon (T) Temple (L) Lair (S) Swamp (P) Snake Pit (M) Slime Pits (O) Orcish Mines (E) Elven Halls (V) Vaults (C) Crypt (U) Depths (H) Hell (Z) Zot
Where to? (Tab/Enter - D:1 @ (x,y), ? - help) Magic restored.
There is a stone staircase leading up here.
You climb upwards.
There is a stone staircase leading down here.
A rust devil comes into view.
You shoot a bolt. The bolt hits the rust devil!!
The bolt freezes the rust devil!
The rust devil is almost dead.
You shoot a bolt. The bolt hits the rust devil!!
You kill the rust devil!
(D) Dungeon (T) Temple (L) Lair (S) Swamp (P) Snake Pit (M) Slime Pits (O) Orcish Mines (E) Elven Halls (V) Vaults (C) Crypt (U) Depths (H) Hell (Z) Zot
Where to? (Tab/Enter - D:1 @ (x,y), ? - help)
There is an open door here.
There is a staircase leading out of the dungeon here.
You have escaped!

#.#.......###...........#
#.####.##...........###.#
##### #.#
#..######.#.#...###.#
###...#######..#
#.......#....
......[#..##..####
##.###.###.#..
###....#..#...'..#
#...##.# #.##.
##.###..#..##..# #......#
#.##. #.# #..+.)##..#
#...#### #.##. ####.#
#'##..##### #...######....
.....#
#.'..########........###..
.....#
###..#...@#..........###..
.....#
#...'....#............#..
.....#
#..#######..........#....
.....# ##..#
##.....###.###.. .....#
#..# #..........# #..
###### #.## #.......####
##. ########.# #.......#
#. ###......#.# ##.....##
#. ..#.####.#.# ##...## #.
#.#.####.#.# ##.## #.
#..........########
#.###### ##


There were no monsters in sight!

Vanquished Creatures
  the Royal Jelly (Slime:5)
  3 dread liches (Zot:5)
  2 orbs of fire (Zot:5)
  Sojobo (Vaults:4)
  the Lernaean hydra (Swamp:4)
  Vashnia (Snake:2)
  4 Killer Klowns (Zot:5)
  Nikola (Vaults:2)
  5 curse toes
  8 golden dragons
  Jory (Depths:4)
  Norris (Elf:1)
  the Enchantress (D:15)
  A mutant beast (WizLab)
  2 electric golems
  A Brimstone Fiend (Zot:3)
  2 walking crystal tomes
  22 Orb Guardians (Zot:5)
  6 tentacled monstrosities
  2 liches
  2 quicksilver dragons
  A walking divine tome (Depths:3)
  2 deep elf blademasters
  3 deep elf master archers (Elf:3)
  Asterion (Depths:1)
  6 acid blobs
  2 sphinxes
  A thorn hunter (Swamp:2)
  7 death cobs
  Gastronok (Lair:1)
  Agnes (Snake:3)
  3 tengu reavers
  4 shadow dragons
  Roxanne (Snake:2)
  7 storm dragons
  6 azure jellies (Slime:5)
  3 frost giants
  3 rockslimes (Slime:5)
  Donald (Vaults:2)
  5 draconian monks
  8 fire giants
  Aizul (Snake:3)
  5 vault wardens
  7 deep elf sorcerers
  A draconian shifter (Zot:3)
  2 balrugs
  5 nagarajas (Snake:4)
  5 draconian knights
  3 ghost moths
  A deep elf elementalist (Elf:3)
  10 stone giants
  8 draconian annihilators
  2 orc warlords
  3 draconian scorchers (Zot:3)
  29 very ugly things
  5 war gargoyles (Vaults:4)
  3 spriggan defenders
  7 quicksilver oozes (Slime:5)
  14 ironbound preservers
  4 draconian stormcallers
  5 ironbound thunderhulks
  6 formless jellyfish
  8 green draconians
  2 vampire knights
  7 eleionomae
  4 black draconians
  5 deep elf demonologists (Elf:3)
  3 yellow draconians
  Azrael (Snake:2)
  A lorocyproca (Depths:3)
  8 red draconians
  10 dire elephants
  5 deep elf annihilators (Elf:3)
  A deep elf death mage (Elf:3)
  A bunyip (Swamp:1)
  8 purple draconians
  6 white draconians
  A spark wasp (shapeshifter) (WizLab)
  A quicksilver dragon zombie (D:15)
  A blizzard demon (Depths:4)
  A crystal guardian (Vaults:1)
  5 deep elf high priests (Elf:3)
  4 ettins
  6 yaktaur captains
  3 rakshasas
  4 fire dragons
  5 peacekeepers
  2 caustic shrike simulacra (IceCv)
  7 great orbs of eyes
  4 salamander tyrants
  14 hydras
  7 anacondas
  5 ice dragons
  A hell beast (Depths:3)
  A sphinx zombie (D:15)
  2 spriggan air magi
  A merfolk avatar (Lair:5)
  4 boulder beetles
  2 ghost crabs
  4 two-headed ogres
  9 alligators
  6 ironbound frosthearts
  13 centaur warriors
  7 radroaches (WizLab)
  23 dancing weapons
  15 naga warriors
  Erica (D:10)
  A tengu warrior (Depths:1)
  3 deep troll shamans
  A deep troll earth mage (Depths:1)
  A two-headed ogre (shapeshifter) (WizLab)
  2 vampire magi
  6 shock serpents
  An occultist (Depths:2)
  7 hell knights (Depths:3)
  18 naga sharpshooters
  4 spriggan berserkers
  A soul eater (Depths:3)
  14 spriggans
  14 deep elf knights
  4 skysharks
  12 sun demons
  A skyshark (shapeshifter) (WizLab)
  8 salamander mystics
  2 iron trolls
  7 skeletal warriors
  A sea snake (Lair:5)
  4 goliath frogs
  A nameless horror (Vaults:2)
  2 deep trolls (shapeshifter) (WizLab)
  26 deep trolls
  4 arcanists
  4 spriggan druids
  2 harpies
  9 bog bodies
  2 glowing orange brains
  A swamp dragon (shapeshifter) (WizLab)
  A spriggan simulacrum (IceCv)
  Pikel (D:7)
  An obsidian statue (IceCv)
  5 naga ritualists
  An orb spider (shapeshifter) (WizLab)
  5 swamp dragons
  3 phantasmal warriors
  14 deep elf archers
  7 ironbound convokers
  7 lindwurms
  21 deep elf pyromancers
  2 necromancers
  8 orc knights
  A steelbarb worm (shapeshifter) (WizLab)
  20 deep elf zephyrmancers
  63 ugly things
  7 orc sorcerers (Orc:2)
  2 shining eyes (Slime:2)
  A faun (shapeshifter) (WizLab)
  A cyclops (shapeshifter) (WizLab)
  5 mana vipers
  3 manticores
  4 will-o-the-wisps
  Maurice (D:7)
  3 cyclopes
  3 kobold blastminers
  A moth of wrath (shapeshifter) (WizLab)
  10 elephants
  5 guardian serpents
  A smoke demon (Volcano)
  12 moths of wrath
  19 naga magi
  33 salamanders
  4 vault sentinels
  A water nymph (shapeshifter) (WizLab)
  2 rust devils
  30 black mambas
  A black mamba (shapeshifter) (D:15)
  An eye of devastation (Slime:4)
  14 cane toads
  3 gargoyles (D:13)
  6 rime drakes
  4 large abominations (WizLab)
  A torpor snail (shapeshifter) (Depths:3)
  10 komodo dragons
  17 freezing wraiths
  2 kobold demonologists
  A tormentor (Zot:1)
  A golden dragon simulacrum (IceCv)
  A yaktaur (shapeshifter) (D:15)
  6 yaktaurs
  An ice devil (IceCv)
  4 anaconda simulacra (IceCv)
  Psyche (D:8)
  5 tengu conjurers
  6 trolls
  3 meliai (D:15)
  A wind drake (Lair:5)
  10 tyrant leeches
  2 polar bears (Lair:5)
  11 hornets
  2 raiju (shapeshifter)
  6 dream sheep (Lair:4)
  23 blink frogs
  3 alligator simulacra (IceCv)
  7 glass eyes
  A glass eye (shapeshifter) (WizLab)
  A snapping turtle (shapeshifter) (WizLab)
  2 snapping turtles (Lair:5)
  5 wyverns
  An air elemental (Elf:1)
  53 slime creatures
  3 shadows
  A vampire (D:9)
  A spriggan (shapeshifter) (Elf:1)
  2 water elementals
  33 yaks
  2 wraiths
  Grum (Lair:1)
  Eustachio (D:6)
  A warg (shapeshifter) (Elf:1)
  4 dire elephant simulacra (IceCv)
  6 basilisks
  8 wargs
  10 vampire mosquitoes
  A golden eye (Slime:5)
  A hog (shapeshifter) (WizLab)
  4 steam dragons
  4 minotaur simulacra (IceCv)
  8 fire elementals
  3 harpy simulacra (IceCv)
  A neqoxec (Zot:1)
  An iron golem (WizLab)
  A swamp worm (shapeshifter) (WizLab)
  5 swamp worms
  51 nagas
  An acid dragon (D:12)
  8 hell hounds
  18 water moccasins
  2 hydra simulacra (IceCv)
  2 ettin simulacra (IceCv)
  A sky beast (D:7)
  5 swamp drakes (Swamp:4)
  26 orc warriors
  A black bear (D:6)
  2 ice beasts
  5 ogres
  6 wolves
  6 boggarts
  20 centaurs
  3 lemures (D:7)
  15 bullfrogs
  6 kobold brigands
  4 gnoll sergeants
  4 scorpions
  3 earth elementals
  6 small abominations (WizLab)
  4 killer bees (D:8)
  3 lindwurm simulacra (IceCv)
  2 electric eels
  7 hounds
  20 orc priests
  11 iguanas
  33 orc wizards
  2 hell rats (D:12)
  14 gnolls
  12 adders
  6 river rats
  A shadow imp (D:7)
  3 white imps
  5 ufetubi
  9 worms
  A worm (shapeshifter) (D:14)
  3 dart slugs
  95 orcs
  7 bats
  5 endoplasms
  2 giant cockroaches
  4 hobgoblins
  9 jackals
  3 quokkas
  8 ball pythons
  8 frilled lizards
  5 goblins
  27 kobolds
  13 rats
  A butterfly (Lair:2)
1796 creatures vanquished.

Vanquished Creatures (collateral kills)
  Vv (Zot:3)
  Saint Roka (Elf:3)
  A golden dragon (Depths:4)
  A tentacled monstrosity (Zot:4)
  An Orb Guardian (Zot:5)
  A quicksilver dragon (Zot:4)
  A walking earthen tome (Depths:3)
  9 acid blobs
  A walking frostbound tome (Depths:3)
  2 sphinxes
  A death cob (Zot:4)
  A thorn hunter (Swamp:4)
  2 shadow dragons
  3 rockslimes
  4 azure jellies
  2 draconian shifters (Zot:4)
  A draconian knight (Zot:4)
  A vault warden (Vaults:2)
  A ghost moth (Zot:3)
  3 ironbound preservers
  A draconian stormcaller (Zot:4)
  3 quicksilver oozes
  3 stone giants
  5 very ugly things
  2 war gargoyles (Vaults:4)
  2 formless jellyfish
  An ironbound thunderhulk (Vaults:1)
  A draconian annihilator (Depths:4)
  A vampire knight (Depths:3)
  3 green draconians
  A deep elf death mage (Elf:3)
  A black draconian (Zot:4)
  3 red draconians
  3 eleionomae
  7 dire elephants
  2 bunyips (Swamp:4)
  3 yellow draconians
  2 white draconians
  A deep elf annihilator (Elf:1)
  A blizzard demon (Depths:1)
  An ettin (Depths:1)
  2 fire dragons (Depths:1)
  A shambling mangrove (Swamp:4)
  An entropy weaver (Vaults:4)
  A yaktaur captain (Vaults:4)
  3 great orbs of eyes
  3 ironbound frosthearts
  6 hydras
  A ghost crab (Swamp:1)
  6 centaur warriors
  5 alligators
  2 ice dragons (Depths:1)
  2 spriggan air magi
  3 boulder beetles
  A dancing weapon (Elf:1)
  A tengu warrior (Depths:1)
  A deep troll shaman (Depths:1)
  3 deep troll earth magi (Depths:1)
  A spriggan berserker (Depths:2)
  An occultist (Depths:1)
  A deep elf knight (Elf:1)
  A soul eater (D:11)
  2 iron trolls (Depths:1)
  A flayed ghost (Depths:2)
  14 deep trolls
  A glowing orange brain (shapeshifter) (WizLab)
  2 orb spiders (shapeshifter) (WizLab)
  A glowing orange brain (Slime:5)
  2 ironbound convokers
  6 bog bodies (Swamp:4)
  3 large abominations (WizLab)
  7 swamp dragons
  An arcanist (Vaults:3)
  A lindwurm (Vaults:1)
  An orb spider (Depths:1)
  2 orc knights (Vaults:2)
  2 phantasmal warriors
  A deep elf pyromancer (Elf:1)
  2 shining eyes (Slime:3)
  12 ugly things
  3 moths of wrath (Zot:4)
  2 vault sentinels
  4 eyes of devastation
  8 yaktaurs
  8 hornets
  5 tyrant leeches
  A glass eye (Slime:5)
  58 slime creatures
  10 spriggans
  A yak (Vaults:4)
  2 golden eyes (Slime:5)
  A redback (Depths:1)
  5 swamp worms
  2 human simulacra (Vaults:4)
  An orc warrior (Elf:3)
  4 swamp drakes
  2 orc wizards (Elf:3)
  An orc (Elf:3)
310 creatures vanquished.

Vanquished Creatures (others)
  A draconian shifter (Zot:5)
  A ghost moth (Zot:5)
  An ironbound preserver (Vaults:2)
  5 deep trolls (Vaults:2)
  2 bloated husks
  A spriggan (Swamp:3)
  An orc wizard (D:6)
  10 foxfires
22 creatures vanquished.

Grand Total: 2128 creatures vanquished

Notes
Turn   | Place    | Note
-------+----------+-------------------------------------------
     0 | D:1      | RBrandon the Deep Elf Hexslinger began the quest for the
                  | Orb.
     0 | D:1      | Reached XP level 1. HP: 11/11 MP: 5/5
    68 | D:1      | Noticed an animated plate armour
   168 | D:1      | Found Umoihu Tigae's Armour Emporium.
   170 | D:1      | Noticed an animated shadow dragon scales
   603 | D:2      | Reached XP level 2. HP: 16/16 MP: 6/6
   609 | D:2      | Learned a level 2 spell: Jinxbite
  1083 | D:2      | Reached XP level 3. HP: 20/20 MP: 4/7
  1180 | D:2      | Reached skill level 5 in Hexes
  1386 | D:2      | Reached XP level 4. HP: 24/24 MP: 6/8
  1616 | D:3      | Found a glowing drain.
  1635 | Sewer    | Entered a sewer
  1658 | Sewer    | Learned a level 3 spell: Sigil of Binding
  1689 | Sewer    | Noticed a kobold brigand
  1709 | Sewer    | Noticed a kobold brigand
  1716 | Sewer    | Killed a kobold brigand
  1717 | Sewer    | Reached XP level 5. HP: 28/28 MP: 6/12
  1723 | Sewer    | Learned a level 3 spell: Inner Flame
  1787 | Sewer    | Reached skill level 5 in Spellcasting
  1857 | Sewer    | Found a white marble altar of Elyvilon.
  1948 | D:3      | Reached skill level 5 in Ranged Weapons
  1976 | D:3      | Reached XP level 6. HP: 33/33 MP: 4/15
  2362 | D:3      | Found a basalt altar of Yredelemnul.
  2660 | D:3      | Found a hazy altar of Hepliaklqana.
  3157 | D:4      | Reached XP level 7. HP: 37/37 MP: 7/16
  3849 | D:4      | Found a radiant altar of Vehumet.
  3906 | D:5      | Entered Level 5 of the Dungeon
  4131 | D:5      | Noticed a kobold demonologist
  4133 | D:5      | Noticed a sixfirhy
  4143 | D:5      | Noticed a rust devil
  4144 | D:5      | Noticed a smoke demon
  4493 | D:5      | Found a staircase to the Ecumenical Temple.
  4634 | Temple   | Entered the Ecumenical Temple
  4686 | Temple   | Became a worshipper of Ashenzari the Shackled
  4767 | D:5      | Reached skill level 5 in Dodging
  4911 | D:5      | Noticed a neqoxec
  4913 | D:5      | Killed a kobold demonologist
  4914 | D:5      | Reached XP level 8. HP: 39/42 MP: 13/17
  5187 | D:6      | Found a runed translucent gate.
  5188 | D:6      | Found a runed translucent gate.
  5190 | D:6      | Found a runed translucent gate.
  5192 | D:6      | Noticed soberseth's ghost (novice GrCj)
  5301 | D:6      | Reached skill level 10 in Ranged Weapons
  5724 | D:6      | Noticed Eustachio
  5741 | D:6      | Killed Eustachio
  5821 | D:6      | Found a blossoming altar of Fedhas.
  6318 | D:7      | Noticed Maurice
  6413 | D:7      | Reached XP level 9. HP: 47/47 MP: 17/19
  6418 | D:7      | Learned a level 4 spell: Cause Fear
  6418 | D:7      | Upgraded the game from 0.31-a0-1204-ge2c1a860ed to
                  | 0.31-a0-1206-g41278d8d1d
  6723 | D:7      | Killed Maurice
  6923 | D:7      | Noticed Pikel
  7026 | D:7      | Killed Pikel
  7399 | D:7      | Reached * piety under Ashenzari
  7521 | D:1      | Bought a +2 cloak of poison resistance for 203 gold pieces
  7693 | D:8      | Reached ** piety under Ashenzari
  7878 | D:8      | Found an ornate altar of the Wu Jian Council.
  7973 | D:8      | Found a white marble altar of Elyvilon.
  7973 | D:8      | Found a glowing silver altar of Zin.
  7973 | D:8      | Found a glowing golden altar of the Shining One.
  8061 | D:8      | Noticed Psyche
  8108 | D:7      | Identified the cursed +0 leather armour "Per Aspera Ad
                  | Scientiam" {Fort, Comp} (You took it off an orc priest on
                  | level 7 of the Dungeon)
  8108 | D:7      | Identified the cursed ring of Ashenzari's Discomfort
                  | {Int+6, Cun, Self} (You found it on level 2 of the Dungeon)
  8261 | D:7      | Reached skill level 1 in Stealth
  8413 | D:7      | Found a runed translucent door.
  8413 | D:7      | Noticed Crazy Yiuf
  8662 | D:8      | Killed Psyche
  9148 | D:9      | Reached skill level 1 in Fighting
  9148 | D:9      | Reached XP level 10. HP: 54/54 MP: 18/21
  9222 | D:8      | Upgraded the game from 0.31-a0-1206-g41278d8d1d to
                  | 0.31-a0-1227-g0136665373
  9250 | D:9      | Upgraded the game from 0.31-a0-1227-g0136665373 to
                  | 0.31-a0-1237-gabc64e778c
  9435 | D:8      | Learned a level 4 spell: Dimensional Bullseye
  9657 | D:9      | Noticed a cyclops
  9844 | D:9      | Found a shimmering blue altar of Sif Muna.
 10222 | D:9      | Killed a cyclops
 10223 | D:9      | Reached skill level 10 in Dodging
 10508 | D:9      | Reached skill level 10 in Hexes
 10563 | D:9      | Found a sacrificial altar of Ru.
 10648 | D:9      | Found a sparkling altar of Nemelex Xobeh.
 10710 | D:10     | Entered Level 10 of the Dungeon
 10926 | D:10     | Reached XP level 11. HP: 61/64 MP: 20/22
 10950 | D:10     | Reached skill level 1 in Translocations
 10950 | D:10     | Noticed a cyan ugly thing
 11034 | D:10     | Killed a cyan ugly thing
 11455 | D:10     | Identified a scroll of acquirement
 11455 | D:10     | Noticed Erica
 11463 | D:10     | Killed Erica
 11464 | D:10     | Reached skill level 5 in Fighting
 11465 | D:10     | Found a portal to a secret trove of treasure.
 11476 | D:10     | Acquired the +1 pair of gloves "Boudghup" {Regen+ SInv}
 11655 | D:11     | Noticed a two-headed ogre
 11694 | D:11     | Killed a two-headed ogre
 12037 | D:11     | Found a staircase to the Lair.
 12113 | D:11     | Found a staircase to the Orcish Mines.
 12254 | D:11     | Noticed a two-headed ogre
 12264 | D:11     | Killed a two-headed ogre
 12265 | D:11     | Reached skill level 15 in Ranged Weapons
 12366 | D:11     | Reached *** piety under Ashenzari
 12557 | Lair:1   | Entered Level 1 of the Lair of Beasts
 12603 | Lair:1   | Noticed Grum
 12611 | Lair:1   | Killed Grum
 12735 | Lair:1   | Identified the +10 long sword of Expedience {heavy, rF+
                  | rN+}
 12804 | Lair:1   | Identified the +6 chain mail of a sewer {Harm Dex+4 Stlth+}
 12826 | Lair:1   | Reached XP level 12. HP: 72/72 MP: 24/24
 12826 | Lair:1   | Upgraded the game from 0.31-a0-1237-gabc64e778c to
                  | 0.31-a0-1267-gfedaa18580
 12850 | Lair:1   | Reached skill level 5 in Evocations
 12922 | Lair:1   | Noticed Gastronok
 13014 | Lair:1   | Reached **** piety under Ashenzari
 13061 | Lair:1   | Identified the +9 quarterstaff "Cel Nuyd" {drain, rN+ rCorr
                  | Str+2 Int-5}
 13076 | Lair:1   | Reached skill level 1 in Conjurations
 13134 | Lair:1   | Reached skill level 1 in Ice Magic
 13134 | Lair:1   | Reached skill level 1 in Air Magic
 13463 | Lair:1   | Killed Gastronok
 13549 | Lair:2   | Noticed a six-headed hydra
 13586 | Lair:2   | Found a dark tunnel.
 13595 | Volcano  | Entered a volcano
 13690 | Volcano  | Reached skill level 5 in Conjurations
 13888 | Volcano  | Learned a level 5 spell: Freezing Cloud
 13969 | Volcano  | Noticed a fire dragon
 13976 | Volcano  | Killed a fire dragon
 14037 | Volcano  | Reached ***** piety under Ashenzari
 14182 | Lair:2   | Killed a six-headed hydra
 14338 | Lair:2   | Reached skill level 5 in Ice Magic
 14694 | Lair:2   | Reached skill level 5 in Air Magic
 15043 | Lair:3   | Found a gate leading to a gauntlet.
 15052 | Lair:3   | Noticed an eight-headed hydra
 15058 | Lair:3   | Killed an eight-headed hydra
 15175 | Lair:3   | Noticed a four-headed hydra
 15181 | Lair:3   | Killed a four-headed hydra
 15337 | Lair:3   | Reached XP level 13. HP: 78/78 MP: 22/26
 15468 | Lair:3   | Found a staircase to the Swamp.
 15700 | Lair:3   | Found a staircase to the Snake Pit.
 16641 | Lair:4   | Found a viscous altar of Jiyva.
 16641 | Lair:4   | Found a staircase to the Slime Pits.
 17238 | Lair:5   | Entered Level 5 of the Lair of Beasts
 17418 | Lair:5   | Reached skill level 10 in Fighting
 17621 | Lair:5   | Reached XP level 14. HP: 92/92 MP: 23/27
 17953 | Lair:5   | Found the brooch of Shielding {Spirit SH+8}
 18003 | Lair:5   | Learned a level 5 spell: Irradiate
 18393 | Orc:1    | Entered Level 1 of the Orcish Mines
 18412 | Orc:1    | Reached skill level 1 in Transmutations
 18562 | Orc:1    | Found Joclewn's CLEARANCE SALE!.
 18575 | Orc:1    | Bought a lightning rod (4/4) for 240 gold pieces
 18597 | Orc:1    | Found a runed translucent gate.
 18597 | Orc:1    | Found a runed translucent gate.
 18597 | Orc:1    | Found a runed translucent gate.
 18598 | Orc:1    | Noticed lucidstorm14's ghost (journeyman MiBe)
 18759 | Orc:2    | Entered Level 2 of the Orcish Mines
 18939 | Orc:2    | Found Hajuroli's Jewellery Shop.
 19015 | Orc:2    | Found Bugollid's Antique Armour Shop.
 19046 | Orc:2    | Bought a smoking cloak for 323 gold pieces
 19046 | Orc:2    | Identified the +0 cloak "Citiaf" {Dex+6} (You bought it in
                  | a shop on level 2 of the Orcish Mines)
 19058 | Orc:2    | Found Igaise's Antique Weapon Boutique.
 19165 | Orc:2    | Found a runed translucent door.
 19191 | Orc:2    | Found a staircase to the Elven Halls.
 19360 | Lair:1   | Reached ****** piety under Ashenzari
 19482 | Orc:2    | Noticed liarliar's ghost (journeyman DsGl)
 19495 | Orc:2    | Found Iniyj's Weapon Shoppe.
 19939 | D:12     | Learned a level 5 spell: Yara's Violent Unravelling
 19944 | D:12     | Learned a level 4 spell: Passage of Golubria
 20658 | D:12     | Reached skill level 5 in Translocations
 21260 | D:13     | Reached XP level 15. HP: 100/100 MP: 33/33
 21293 | D:13     | Found a gate to the Vaults.
 21643 | D:14     | Reached skill level 15 in Dodging
 21718 | D:14     | Found a frozen archway.
 21752 | IceCv    | Entered an ice cave
 22021 | IceCv    | Found an ancient bone altar of Kikubaaqudgha.
 22237 | IceCv    | Noticed a lich
 22248 | IceCv    | Killed a lich
 22382 | IceCv    | Found the +4 skin of Zhor {*Englaciate rC+++ SInv}
 22387 | IceCv    | Identified Puihaitz's Compendium of Grisly Cryomancy
 22905 | D:15     | Entered Level 15 of the Dungeon
 22963 | D:15     | Reached skill level 10 in Evocations
 23099 | D:15     | Learned a level 2 spell: Blink
 23393 | D:15     | Reached XP level 16. HP: 107/107 MP: 34/34
 23484 | D:15     | Found a staircase to the Depths.
 24180 | Snake:1  | Entered Level 1 of the Snake Pit
 25059 | Snake:2  | Found Voen's General Store.
 25239 | Snake:2  | Noticed Azrael
 25251 | Snake:2  | Killed Azrael
 25354 | Snake:2  | Noticed Roxanne
 25381 | Snake:2  | Killed Roxanne
 25563 | Snake:2  | Upgraded the game from 0.31-a0-1267-gfedaa18580 to
                  | 0.31-a0-1278-g11c5b68f87
 25922 | Snake:2  | Noticed Vashnia
 25939 | Snake:2  | Killed Vashnia
 26727 | Snake:3  | Found Jasuco's Antique Armour Emporium.
 27157 | Snake:3  | Reached skill level 1 in Armour
 27231 | Snake:3  | Reached XP level 17. HP: 104/115 MP: 19/35
 27323 | Snake:3  | Identified the serpent talisman of the Forsaken Realms
                  | {rElec Str+6}
 27323 | Snake:3  | Noticed Aizul
 27333 | Snake:3  | Killed Aizul
 27547 | Snake:3  | Noticed Agnes
 27560 | Snake:3  | Killed Agnes
 27800 | Snake:4  | Entered Level 4 of the Snake Pit
 28095 | Snake:4  | Reached skill level 5 in Armour
 28395 | Snake:4  | Reached skill level 10 in Spellcasting
 28510 | Snake:4  | Learned a level 6 spell: Simulacrum
 28619 | Snake:4  | Reached skill level 1 in Necromancy
 28729 | Snake:4  | Identified the +6 flail "Vyff" {vamp, rPois rF- Will++
                  | rCorr}
 28830 | Snake:4  | Reached skill level 5 in Necromancy
 28966 | Snake:4  | Got a serpentine rune of Zot
 29311 | Swamp:1  | Entered Level 1 of the Swamp
 29378 | Swamp:1  | Found a broken altar of Ashenzari.
 29642 | Swamp:1  | Acquired a +2 pair of boots of stealth
 29693 | Swamp:1  | Reached XP level 18. HP: 120/120 MP: 27/37
 30162 | Swamp:2  | Reached skill level 10 in Necromancy
 30762 | Swamp:2  | ::bug - salamander tyrant, simu?
 31715 | Swamp:4  | Entered Level 4 of the Swamp
 32056 | Swamp:4  | Reached skill level 15 in Necromancy
 32370 | Swamp:4  | Noticed the 27-headed Lernaean hydra
 32379 | Swamp:4  | Killed the 27-headed Lernaean hydra
 32397 | Swamp:4  | Got a decaying rune of Zot
 32826 | Vaults:1 | Entered Level 1 of the Vaults
 33156 | Vaults:1 | Reached XP level 19. HP: 124/124 MP: 31/38
 33327 | Vaults:1 | Found Muff's Assorted Antiques.
 33330 | Vaults:1 | Bought a potion of resistance for 420 gold pieces
 34424 | Vaults:2 | Found a magical portal.
 34505 | WizLab   | Entered Cigotuvi's Fleshworks
 34581 | WizLab   | Learned a level 8 spell: Infestation
 34605 | WizLab   | Gained mutation: You occasionally lose the ability to read
                  | scrolls when taking damage. [mutagenic glow]
 34655 | WizLab   | Lost mutation: You occasionally lose the ability to read
                  | scrolls when taking damage. [potion of mutation]
 35017 | WizLab   | Reached skill level 15 in Spellcasting
 35080 | WizLab   | Identified the ring "Siloibess" {Will+ AC+4 Dex+4}
 35360 | WizLab   | Identified Cigotuvi's Guidebook on Rotting Shapes
 35610 | Vaults:2 | Identified the +0 mace of Gimiaczi {freeze, *Slow rCorr
                  | Stlth+}
 35633 | Vaults:2 | Found a staircase to the Crypt.
 35633 | Vaults:2 | Found a basalt altar of Yredelemnul.
 35633 | Vaults:2 | Found an ancient bone altar of Kikubaaqudgha.
 36046 | Vaults:2 | Noticed Donald
 36053 | Vaults:2 | Killed Donald
 36064 | Vaults:2 | Learned a level 7 spell: Haunt
 36076 | Vaults:2 | Learned a level 9 spell: Death's Door
 36183 | Vaults:2 | Reached skill level 1 in Summonings
 36183 | Vaults:2 | Noticed Nikola
 36199 | Vaults:2 | Killed Nikola
 36200 | Vaults:2 | Reached XP level 20. HP: 119/130 MP: 22/46
 36913 | Vaults:2 | Reached skill level 5 in Summonings
 38517 | Vaults:4 | ::bug: ash gate bazaar?
 38607 | Vaults:4 | Found Zanittar's Magic Scroll Shop.
 38650 | Vaults:4 | Found Uduhuunt's Distillery.
 38659 | Vaults:4 | Bought a potion of heal wounds for 100 gold pieces
 38659 | Vaults:4 | Bought a potion of haste for 200 gold pieces
 38750 | Vaults:4 | Found a flickering gateway to a bazaar.
 38768 | Bazaar   | Entered a bazaar
 38768 | Bazaar   | Found Kishriy's Magic Scroll Shoppe.
 38768 | Bazaar   | Found Azug's Book Shoppe.
 38769 | Bazaar   | Found Syojegae's Book Emporium.
 38769 | Bazaar   | Found Ute Kos's Assorted Antiques.
 38786 | Bazaar   | Bought a scroll of enchant weapon for 300 gold pieces
 38792 | Bazaar   | Bought Great Wizards, Vol. II for 380 gold pieces
 38799 | Bazaar   | Learned a level 5 spell: Borgnjor's Vile Clutch
 38803 | Bazaar   | Bought a scroll of revelation for 90 gold pieces
 38803 | Bazaar   | Bought a scroll of teleportation for 36 gold pieces
 39480 | Vaults:4 | Noticed Sojobo
 39494 | Vaults:4 | Killed Sojobo
 40485 | Elf:1    | Entered Level 1 of the Elven Halls
 40512 | Elf:1    | Identified the +2 ring mail of a bailey {rN++ Will+}
 40530 | Elf:1    | Upgraded the game from 0.31-a0-1278-g11c5b68f87 to
                  | 0.31-a0-1300-gb6740aa4e6
 40788 | Elf:1    | Reached skill level 1 in Shields
 40798 | Elf:1    | Noticed Norris
 40805 | Elf:1    | Killed Norris
 40806 | Elf:1    | Reached XP level 21. HP: 131/135 MP: 17/47
 41299 | Elf:1    | Paralysed by an air elemental for 1 turns
 41883 | Elf:2    | Found Biely's Book Shop.
 41981 | Elf:2    | Found a runed translucent door.
 41981 | Elf:2    | Identified the ring "Caicecog" {Ice rElec Will+ Stlth+}
 41982 | Elf:2    | Noticed BlackBloode's ghost (adept DECj)
 42243 | Elf:2    | Found a runed translucent gate.
 42244 | Elf:2    | Found a runed translucent gate.
 42244 | Elf:2    | Found a runed translucent gate.
 42360 | Elf:2    | Upgraded the game from 0.31-a0-1300-gb6740aa4e6 to
                  | 0.31-a0-1308-ga3cce3a448
 42806 | Elf:3    | Entered Level 3 of the Elven Halls
 42806 | Elf:3    | Noticed Saint Roka
 42815 | Elf:3    | Killed Saint Roka
 43099 | Elf:3    | Found a runed translucent door.
 43099 | Elf:3    | Found a shimmering altar of Xom.
 43099 | Elf:3    | Noticed Lobster4's ghost (adept HuAE)
 43163 | Elf:3    | Found a shimmering blue altar of Sif Muna.
 43265 | Elf:3    | Found Hefylatt's Antique Weapon Emporium.
 43329 | Elf:3    | Reached skill level 5 in Invocations
 43591 | Elf:3    | Identified Poojix's Tome of Sweltering Calling
 43669 | Elf:3    | Identified the +0 ring mail of the Crypt {Dex+3}
 44309 | Slime:1  | Entered Level 1 of the Pits of Slime
 44335 | Slime:1  | Paralysed by a formless jellyfish for 1 turns
 44347 | Slime:1  | Reached skill level 10 in Invocations
 44795 | Slime:1  | Reached XP level 22. HP: 124/139 MP: 15/48
 45247 | Slime:2  | Gained mutation: You expend magic power (3 MP) to
                  | strengthen your wands. [a shining eye]
 45518 | Slime:5  | Entered Level 5 of the Pits of Slime
 45518 | Slime:5  | Identified the amulet of Liberalism {Spirit Will+}
 45518 | Slime:5  | Identified the +3 ring mail of Elitism {rF+}
 45518 | Slime:5  | Identified the ring "Rycloel" {+Blink rF+ Will- Str+3
                  | Slay+4}
 45518 | Slime:5  | Identified the staff of Patterns {rN+ Dex+6 Necro}
 45614 | Slime:5  | Found the +3 salamander hide armour {Flames, rFlCloud rF++
                  | rC--}
 45614 | Slime:5  | Identified Sif Muna's Anthology of Captivating Resurrection
 45615 | Slime:5  | Identified the amulet of Henu {Spirit Regen+}
 45616 | Slime:5  | Identified the Encyclopedia of Distorted Ensorcelling
 45635 | Slime:5  | Noticed the Royal Jelly
 45649 | Slime:5  | Killed the Royal Jelly
 45740 | Slime:5  | Upgraded the game from 0.31-a0-1308-ga3cce3a448 to
                  | 0.31-a0-1321-g5021b54cb2
 45754 | Slime:5  | Identified the +0 sling "Yqab" {flame, Int+2}
 45896 | Slime:5  | Got a slimy rune of Zot
 46495 | Depths:1 | Entered Level 1 of the Depths
 46498 | Depths:1 | Noticed the Enchantress
 46512 | D:15     | Killed the Enchantress
 46713 | Depths:1 | Reached skill level 15 in Invocations
 47176 | Depths:1 | Found a gateway to Hell.
 47272 | Depths:1 | Found Sawedot's Jewellery Boutique.
 47280 | Depths:1 | Bought the ring of the Exiled Mystics {rF+ Int+7 Slay+3}
                  | for 889 gold pieces
 47437 | Depths:1 | Noticed Asterion
 47445 | Depths:1 | Killed Asterion
 48022 | Depths:2 | Found Cudaomao's Weapon Emporium.
 48270 | Depths:2 | Found a one-way gate leading to the halls of Pandemonium.
 48605 | Depths:2 | Reached XP level 23. HP: 143/143 MP: 44/48
 48656 | Depths:2 | Identified the ring of Petipp {rElec Dex+6}
 48658 | Depths:2 | Identified the +4 morningstar "Zosarut" {heavy, Int+4
                  | Dex+3}
 49315 | Depths:3 | Found a one-way gate to the infinite horrors of the Abyss.
 50374 | Depths:4 | Entered Level 4 of the Depths
 50554 | Depths:4 | Found a gate to the Realm of Zot.
 51285 | Depths:4 | Noticed Jory
 51377 | Depths:4 | Killed Jory
 51603 | Zot:1    | Entered Level 1 of the Realm of Zot
 51848 | Zot:1    | Noticed a curse toe
 51858 | Zot:1    | Killed a curse toe
 53020 | Zot:3    | Reached XP level 24. HP: 129/149 MP: 28/48
 53908 | Zot:3    | Noticed Vv
 53934 | Zot:3    | Killed Vv
 54424 | Zot:4    | Identified the +0 robe "Lott" {Rampage}
 55701 | Zot:5    | Entered Level 5 of the Realm of Zot
 56447 | Zot:5    | Learned a level 3 spell: Fugue of the Fallen
 56484 | Zot:5    | Noticed a dread lich
 56488 | Zot:5    | Killed a dread lich
 56509 | Zot:5    | Noticed a Killer Klown
 56515 | Zot:5    | Noticed an orb of fire
 56522 | Zot:5    | Killed a Killer Klown
 56524 | Zot:5    | Gained mutation: You sometimes lose your temper in combat.
                  | [an orb of fire]
 56527 | Zot:5    | Noticed a Killer Klown
 56530 | Zot:5    | Noticed a Killer Klown
 56532 | Zot:5    | Killed an orb of fire
 56549 | Zot:5    | Killed a Killer Klown
 56556 | Zot:5    | Killed a Killer Klown
 56574 | Zot:5    | Noticed an orb of fire
 56576 | Zot:5    | Gained mutation: You are frail. (-10% HP) [an orb of fire]
 56578 | Zot:5    | Gained mutation: Your spells are a little easier to cast,
                  | but a little less powerful. [an orb of fire]
 56581 | Zot:5    | Noticed a dread lich
 56582 | Zot:5    | Noticed a dread lich
 56672 | Zot:4    | Lost mutation: Your spells are a little easier to cast, but
                  | a little less powerful. [potion of mutation]
 56672 | Zot:4    | Lost mutation: You sometimes lose your temper in combat.
                  | [potion of mutation]
 56672 | Zot:4    | Lost mutation: You are frail. (-10% HP) [potion of
                  | mutation]
 56672 | Zot:4    | Gained mutation: Your body sometimes deteriorates upon
                  | taking damage. [potion of mutation]
 56672 | Zot:4    | Gained mutation: You have an increased reservoir of magic.
                  | (+10% MP) [potion of mutation]
 56672 | Zot:4    | Gained mutation: You are covered in fur. (AC +1) [potion of
                  | mutation]
 56727 | Zot:5    | Noticed an orb of fire
 56770 | Zot:5    | Killed an orb of fire
 56773 | Zot:5    | Killed a dread lich
 56978 | Zot:5    | Reached XP level 25. HP: 163/163 MP: 54/54
 57205 | Zot:5    | Reached skill level 15 in Fighting
 57361 | Zot:5    | Noticed a dread lich
 57367 | Zot:5    | Noticed a Killer Klown
 57370 | Zot:5    | Killed a dread lich
 57379 | Zot:5    | Killed a Killer Klown
 57551 | Zot:5    | Got the Orb of Zot
 57684 | Zot:3    | Noticed Rekkiuk the pandemonium lord
 57720 | Zot:2    | Noticed Efyomp the pandemonium lord
 58008 | D:13     | Noticed Wimoyz the pandemonium lord
 58305 | D:$      | Escaped with the Orb!

Illustrated notes

,** ***,,,****,~ ,,~
**,*,~**~,~* ,,^~
***~..♣.~** ,,,.
♣♣♣.~.~.,** ,,,.
♣♣.♣....~***,,,**,*,
♣♣~.....♣♣♣**,,#...#.
♣♣§♣.♣...~~♣.,,,#..,.#
♣.......~.~.~,,∆#.†.#.
♣.....~.~....~,,#...#.
♣....@....~......,.÷#.
♣♣~~.Z..~....~..####.#
♣.~~.ZZ...~~.~........
♣~~.ZZ.~..§~.~.~.)....
♣...~.....~.~......~..
♣♣~....~~.~...§§.~~~..
♣♣...~.○..~..~..~..~.
*♣~..~..~...~.~..~....
♣.~..~..........~.~~..
♣....~~..[.~.~~.......
♣♣.♣.~......~~.§....~.


Turn 30762 on Swamp:2: bug - salamander tyrant, simu? ,,,,,,,+.......#,,,,,
,,,,,,,#.......+,,,,, ,,,,,,,#.......#,,,,, *******#.......#,,,{, #....<..#{,,,,
#.......#,{,,, #.......#{,<,, ###+#####,,,,, ****#...#****,,,,,
*,,,#.BB#,,,****** **,,#.@B#,,** *∆,,#..)#,,,* **,.'...)..** *!..#).)#..$#
##..#.))#..## #..,#...#,..# ##.,#...#,.## *.,,#...#,,,* *****,,,***** Turn 38517
on Vaults:4: bug: ash gate bazaar?

Levels and vault maps discovered:
D:1:      dpeg_arrival_short_road, layout_loops_cross, serial_shops,
          nicolae_shop_mannequins
D:2:      layout_loops_corners, hangedman_decor_lopped, grunt_ministairs_9
D:3:      cheibrodos_helix_gallery, layout_rooms, nzn_hepliaklqana_mist_gate,
          yredelemnul_altar_generic, cheibrodos_sewer_entry_drain,
          nicolae_figureground_pulse
D:4:      layout_basic, marbit_many_paths, amcnicky_mini_corridor_feature,
          st_stairs_4, minmay_diced_spiral
D:5:      layout_loops_corners, minmay_temple_entry_arrows, serial_rivers,
          chequers_serial_rivers_small_a, chequers_serial_rivers_micro_b,
          chequers_serial_rivers_micro_e, chequers_serial_rivers_micro_a,
          nrook_loot_triangle
D:6:      layout_basic, fedhas_bush_and_centaur_altar,
          gammafunk_ghost_necromancy, mrwooster_statue_mirror, uniq_eustachio
D:7:      layout_basic, serial_corexii_hall, corexii_hall_statues_x,
          corexii_hall_statues_x, uniq_pikel, uniq_crazy_yiuf_cottage,
          uniq_maurice
D:8:      layout_loops_ring, good_gods_mini_temple, mainiacjoe_overflow_paths,
          uniq_psyche
D:9:      minmay_the_grid_square_5x5_3x3
          [minmay_the_grid_square_5x5_two_walls_a,
          minmay_the_grid_square_5x5_intrusive_squares,
          minmay_the_grid_square_5x5_minibox, minmay_the_grid_square_5x5_corner,
          minmay_the_grid_square_5x5_megaprize_hollow,
          minmay_the_grid_square_5x5_tetrominoes,
          minmay_the_grid_square_5x5_two,
          minmay_the_grid_square_5x5_eight_small,
          minmay_the_grid_square_5x5_bridge], layout_cave_pods,
          pf_just_have_faith, lemuel_doored_altar, led_sif_pool,
          serial_column_ruins, column_ruins_hut, column_ruins_open_tiny,
          column_ruins_columns_straight, column_ruins_grid_1,
          column_ruins_open_tiny, column_ruins_open_medium
D:10:     layout_cave_pools, nicolae_trove_entry_crystal, uniq_erica
D:11:     statuecave_lemuel, layout_long_grid, minmay_lair_entry_grove,
          minmay_orc_entry_temple_small
D:12:     layout_roguey, grunt_ministairs_11,
          hangedman_abyss_or_decor_jellyfish_corner,
          hangedman_parallel_progression
D:13:     layout_loops_ring, hellmonk_vaults_order_and_chaos,
          minmay_misc_feat_encased
D:14:     layout_basic, portal_ice_cave_entry_ugly_swarm, serial_glass,
          glass_columns_a, glass_columns_b
D:15:     gammafunk_depths_entry_grave, layout_irregular_city,
          hangedman_decor_opposing
Temple:   minmay_temple_curvy_loop
Lair:1:   layout_regular_city, infiniplex_staircase_pool, uniq_gastronok,
          uniq_grum
Lair:2:   layout_loops_ring, enter_volcano_1, lemuel_fruit_fields
Lair:3:   layout_small_grid, minmay_swamp_entry_worms,
          minmay_snake_entry_six_corridors, gauntlet_entry_generic
Lair:4:   layout_layer_cave, dpeg_slime_entry_enclosed
Lair:5:   gammafunk_lair_ancient_temple, layout_gridlike,
          infiniplex_staircase_pool_2, serial_bayou_shore_a
Swamp:1:  layout_falls_marsh, evilmike_swamp_ruin_house_3, swamp_pool_1_2,
          nicolae_swamp_godswood
Swamp:2:  nicolae_swamp_secret_spriggan_hideout, layout_basic_swamp,
          serial_swamp_ruin, evilmike_swamp_ruin_house_4,
          evilmike_swamp_ruin_house_5
Swamp:3:  layout_falls_marsh, hangedman_swamp_ruin_wall
Swamp:4:  grunt_swamp_rune_castle, layout_basic_swamp
Snake:1:  layout_onion_interference
Snake:2:  layout_onion, serial_shops, nicolae_square_shop, eino_curves_01,
          uniq_azrael, uniq_vashnia, uniq_roxanne
Snake:3:  layout_cave_town, nicolae_take_the_stairs,
          nicolae_snake_salamander_fort, uniq_aizul, uniq_agnes
Snake:4:  johnstein_snake_rune_scales, layout_cave_shapes
Slime:1:  layout_caves, cheibrodos_slime_lost_civilization_5
Slime:2:  layout_caves
Slime:3:  layout_caves, cheibrodos_slime_lost_civilization_4
Slime:4:  layout_caves, nicolae_slime_rock_hall_of_fame
Slime:5:  slime_pit_nicolae_jellycorners
Orc:1:    layout_caves, ebering_ghost_rock_garden, nicolae_shop_clearance
Orc:2:    st_orc_town, layout_diamond_mine, serial_shops,
          nicolae_shop_bloodbath_and_beyond, ebering_ghost_reflecting_pool
Elf:1:    eino_elf_arrival_the_gate, layout_onion_city,
          nicolae_elf_crossing_hall, uniq_norris
Elf:2:    nicolae_elf_blades_crystal_corner, layout_rooms,
          gammafunk_ghost_grave, serial_shops, nicolae_shop_tiny_glass,
          minivault_24, serial_library_regret_index_small_wings
Elf:3:    minmay_elf_hall_not_hex, layout_loops_corners, ebering_ghost_xom,
          serial_shops, nicolae_shop_scrapyard, basic_altar,
          minmay_misc_feat_columns, uniq_saint_roka
Vaults:1: nicolae_vaults_circle_grid_b, vaults_room_glass_cross,
          nicolae_vaults_storage_closets_2, nicolae_vaults_layer_cake_slice,
          v_misc_11, nicolae_vaults_angled_halls, layout_vaults_big_room,
          serial_shops, nicolae_shop_tiny_real_fake_doors
Vaults:2: mu_enter_wizlab_5, nicolae_vaults_disjoint_gnomons,
          nicolae_vaults_six-pack, nicolae_vaults_little_squares_3,
          nicolae_vaults_closet_pinwheel_6, v_misc_17,
          nicolae_vaults_stepped_doors, minmay_crypt_entry_necro_gods,
          v_misc_18, nicolae_vaults_apartment_1, vaults_room_door_hall,
          vaults_dpeg_diagonal, nicolae_vaults_diagonal_hallway_7,
          vaults_dpeg_cross, layout_vaults_omnibox, uniq_donald, uniq_nikola
Vaults:3: nicolae_vaults_asterisk, nicolae_vaults_double_plus_2,
          nicolae_vaults_tetromino_T_1, nicolae_vaults_big_ls,
          nicolae_vaults_rhombus_5, nicolae_vaults_oval_intersection,
          vaults_dpeg_doors, vaults_standard_mumra_x,
          nicolae_vaults_trapezoid_lopsided_3,
          nicolae_vaults_little_guard_posts, layout_vaults_omnicross
Vaults:4: nicolae_vaults_little_ls, nicolae_vaults_more_shelving_2,
          gargoyle_guard, nicolae_vaults_tangram_2, serial_ice_m,
          nicolae_vaults_mini_display_case, v_misc_25,
          nicolae_vaults_network_quinsquares
          [nicolae_vaults_network_quincunx_subvault,
          nicolae_vaults_network_quincunx_subvault,
          nicolae_vaults_network_quincunx_subvault,
          nicolae_vaults_network_quincunx_subvault], serial_ice_g,
          nicolae_vaults_trapezoid_lopsided_4, vaults_room_large_hall,
          nicolae_vaults_closet_pinwheel_3, layout_vaults_maze, serial_shops,
          bzr_entry_islet, shop, nicolae_shop_statue_plus, uniq_sojobo
Depths:1: layout_honeycomb, hangedman_coc_ice_floe, corexii_leaking_fountain,
          serial_shops, nicolae_shop_tiny_statue_garden,
          hangedman_stitches_earthworm, uniq_enchantress, uniq_asterion
Depths:2: kennysheep_cluttered_fort, layout_gridlike, serial_shops,
          nicolae_shop_pleasant_corner_grove, hell_entry, pan_entry,
          minmay_misc_feat_four_crosses, minmay_staircase_bubble
Depths:3: hangedman_cross_veins, layout_cave_shapes, enter_ziggurat_b,
          abyss_entry, hell_entry, grunt_pan_entry_spiral,
          grunt_decor_mini_mirrors, infiniplex_staircase_zigzag_2
Depths:4: grunt_x_marks_the_spot, layout_gridlike, minmay_misc_feat_chi,
          grunt_pan_entry_sceptre, pf_hell_entry_tar_spiral, uniq_jory
Zot:1:    layout_cathedral_of_symmetry, hangedman_zot_decor_tridents,
          kennysheep_underground_church
Zot:2:    layout_basic, grunt_megastairs_1, lemuel_elevator, uniq_josephina
Zot:3:    layout_gridlike, grunt_ministairs_2, uniq_vv
Zot:4:    layout_cathedral_of_symmetry
Zot:5:    layout_concentric_octagons

Skill      XL: |  1  2  3  4  5  6  7  8  9 10 11 12 13 14 15 16 17 18 19 20 21 22 23 24 25 |
---------------+----------------------------------------------------------------------------+-----
Ranged Weapons | 3 4 5 6 9 11 13 14 15 16 17 | 17.0
Hexes          | 5 6 8 10 11 | 11.5
Spellcasting   | 3 5 9 10 17 | 17.6
Dodging        | 3 5 7 9 10 11 12 14 16 17 20 | 20.6
Stealth        | 3 |  3.1
Fighting       | 1 4 5 10 11 12 14 16 | 16.2
Translocations | 1 6 |  6.0
Evocations     | 4 5 10 13 | 13.0
Conjurations   | 8 |  8.5
Ice Magic      | 5 7 |  7.6
Air Magic      | 5 |  5.0
Transmutations | 4 6 |  0.0
Armour         | 1 5 |  5.9
Necromancy     | 9 17 18 22 23 | 23.0
Summonings     | 2 6 |  6.0
Shields        | 1 4 |  4.5
Invocations    | 11 18 22 23 | 23.4
Alchemy        | 4 |  4.1
Fire Magic     | |  1.6

Action                     |  1- 3 |  4- 6 |  7- 9 | 10-12 | 13-15 | 16-18 | 19-21 | 22-24 | 25-27 || total
---------------------------+-------+-------+-------+-------+-------+-------+-------+-------+-------++-------
  Melee: Short sword       |       |       |     7 |       |       |       |       |       |       ||     7
         Punch             |       |       |     1 |       |       |       |       |       |       ||     1
   Fire: Sling             |    72 |   150 |   169 |       |       |       |       |       |       ||   391
         Shortbow          |       |       |   163 |    73 |       |       |       |       |       ||   236
         Orcbow            |       |       |       |   439 |       |       |       |       |       ||   439
         Longbow           |       |       |       |    83 |  1244 |  1358 |   778 |       |       ||  3463
         Hand cannon       |       |       |       |       |       |       |   381 |  1257 |   154 ||  1792
  Throw: Dart              |       |       |       |     1 |       |       |       |       |       ||     1
   Cast: Jinxbite          |     5 |     8 |    58 |    65 |     5 |     1 |       |       |       ||   142
         Inner Flame       |       |    11 |    15 |    13 |     5 |       |     1 |       |       ||    45
         Sigil of Binding  |       |     8 |     8 |    15 |    11 |       |       |       |       ||    42
         Cause Fear        |       |       |     7 |    10 |     3 |     1 |       |       |       ||    21
         Dimensional Bulls |       |       |       |     5 |     1 |     1 |       |       |       ||     7
         Freezing Cloud    |       |       |       |     9 |    41 |    31 |    40 |     3 |       ||   124
         Irradiate         |       |       |       |       |    19 |     8 |    13 |    11 |     5 ||    56
         Yara's Violent Un |       |       |       |       |     5 |    10 |    31 |    21 |     2 ||    69
         Blink             |       |       |       |       |     1 |     4 |    12 |    25 |     3 ||    45
         Passage of Golubr |       |       |       |       |     1 |       |     1 |     9 |     1 ||    12
         Simulacrum        |       |       |       |       |       |    44 |    19 |       |       ||    63
         Infestation       |       |       |       |       |       |       |    33 |    33 |     2 ||    68
         Borgnjor's Vile C |       |       |       |       |       |       |    34 |    53 |     5 ||    92
         Haunt             |       |       |       |       |       |       |     3 |    23 |     1 ||    27
         Fugue of the Fall |       |       |       |       |       |       |       |     3 |     2 ||     5
 Invoke: Curse Item        |       |       |     3 |     5 |     2 |     3 |     3 |     2 |       ||    18
         Shatter the Chain |       |       |       |       |     2 |     3 |     2 |     1 |       ||     8
  Evoke: Wand              |       |       |       |     4 |     1 |     5 |     2 |     1 |       ||    13
         Lightning rod     |       |       |       |       |     4 |     3 |     1 |     5 |       ||    13
         Condenser vane    |       |       |       |       |     1 |     2 |     3 |     2 |       ||     8
         Phantom mirror    |       |       |       |       |       |     2 |       |     1 |       ||     3
    Use: Potion            |       |     1 |     3 |     3 |       |       |     1 |    13 |     2 ||    23
         Scroll            |       |       |     6 |     2 |     1 |     4 |    15 |     3 |       ||    31
 Armour: Robe              |     4 |    23 |    54 |       |    65 |       |       |       |       ||   146
         Leather armour    |       |       |     7 |    77 |     2 |       |       |       |       ||    86
         Skin              |       |       |     1 |       |       |       |       |       |       ||     1
         Animal skin       |       |       |       |       |       |   137 |   112 |   231 |    25 ||   505
  Dodge: Dodged            |    13 |    37 |    83 |   156 |   181 |   268 |   281 |   529 |    83 ||  1631
  Block: Other             |       |       |       |       |    11 |    88 |    38 |       |       ||   137
         Buckler           |       |       |       |       |       |       |   126 |   395 |    52 ||   573

Table legend: (Time is in decaauts)
 A = Elapsed time spent in this place.
 B = Non-inter-level travel time spent in this place.
 C = Inter-level travel time spent in this place.
 D = Time resting spent in this place.
 E = Time spent auto-exploring this place.
 F = Levels seen in this place.
 G = Mean time per level.
                   A        B        C        D        E       F      G
               +--------+--------+--------+--------+--------+-----+--------+
         Total |  57542 |  53371 |   4171 |   3187 |  35899 |  57 | 1009.5 |
       Dungeon |  16298 |  14651 |   1647 |   1423 |  10088 |  15 | 1086.5 |
        Temple |     97 |     31 |     66 |      0 |      0 |   1 |   97.0 |
          Lair |   5570 |   4982 |    588 |     18 |   3836 |   5 | 1114.0 |
         Swamp |   3518 |   3306 |    212 |      0 |   2430 |   4 |  879.5 |
     Snake Pit |   4834 |   4501 |    333 |     86 |   3142 |   4 | 1208.5 |
    Slime Pits |   2021 |   1890 |    131 |    129 |    844 |   5 |  404.2 |
  Orcish Mines |   1307 |   1174 |    133 |     29 |    816 |   2 |  653.5 |
   Elven Halls |   3707 |   3577 |    130 |    165 |   2677 |   3 | 1235.7 |
        Vaults |   6334 |   5857 |    477 |     72 |   4306 |   4 | 1583.5 |
        Depths |   5111 |   4863 |    248 |     83 |   3385 |   4 | 1277.8 |
           Zot |   6234 |   6033 |    201 |    911 |   3444 |   5 | 1246.8 |
        Bazaar |     47 |     47 |      0 |      0 |     15 |   1 |   47.0 |
         Sewer |    291 |    291 |      0 |     42 |    125 |   1 |  291.0 |
      Ice Cave |    724 |    724 |      0 |     32 |    343 |   1 |  724.0 |
       Volcano |    501 |    501 |      0 |    148 |     69 |   1 |  501.0 |
        Wizlab |    942 |    942 |      0 |     43 |    377 |   1 |  942.0 |
               +--------+--------+--------+--------+--------+-----+--------+

Top non-repeatable levels by time:
Vaults:2: 1837 daAuts
   Zot:5: 1744 daAuts
Vaults:4: 1686 daAuts
     D:7: 1685 daAuts
 Snake:2: 1566 daAuts
   Zot:3: 1489 daAuts
   Zot:4: 1484 daAuts
Depths:3: 1445 daAuts
Vaults:1: 1435 daAuts
Vaults:3: 1375 daAuts
     D:9: 1352 daAuts
   Zot:1: 1346 daAuts
   Elf:1: 1331 daAuts
   Elf:3: 1330 daAuts
     D:8: 1329 daAuts

Levels and vault maps discovered:
D:1:      dpeg_arrival_short_road, layout_loops_cross, serial_shops,
          nicolae_shop_mannequins
D:2:      layout_loops_corners, hangedman_decor_lopped, grunt_ministairs_9
D:3:      cheibrodos_helix_gallery, layout_rooms, nzn_hepliaklqana_mist_gate,
          yredelemnul_altar_generic, cheibrodos_sewer_entry_drain,
          nicolae_figureground_pulse
D:4:      layout_basic, marbit_many_paths, amcnicky_mini_corridor_feature,
          st_stairs_4, minmay_diced_spiral
D:5:      layout_loops_corners, minmay_temple_entry_arrows, serial_rivers,
          chequers_serial_rivers_small_a, chequers_serial_rivers_micro_b,
          chequers_serial_rivers_micro_e, chequers_serial_rivers_micro_a,
          nrook_loot_triangle
D:6:      layout_basic, fedhas_bush_and_centaur_altar,
          gammafunk_ghost_necromancy, mrwooster_statue_mirror, uniq_eustachio
D:7:      layout_basic, serial_corexii_hall, corexii_hall_statues_x,
          corexii_hall_statues_x, uniq_pikel, uniq_crazy_yiuf_cottage,
          uniq_maurice
D:8:      layout_loops_ring, good_gods_mini_temple, mainiacjoe_overflow_paths,
          uniq_psyche
D:9:      minmay_the_grid_square_5x5_3x3
          [minmay_the_grid_square_5x5_two_walls_a,
          minmay_the_grid_square_5x5_intrusive_squares,
          minmay_the_grid_square_5x5_minibox, minmay_the_grid_square_5x5_corner,
          minmay_the_grid_square_5x5_megaprize_hollow,
          minmay_the_grid_square_5x5_tetrominoes,
          minmay_the_grid_square_5x5_two,
          minmay_the_grid_square_5x5_eight_small,
          minmay_the_grid_square_5x5_bridge], layout_cave_pods,
          pf_just_have_faith, lemuel_doored_altar, led_sif_pool,
          serial_column_ruins, column_ruins_hut, column_ruins_open_tiny,
          column_ruins_columns_straight, column_ruins_grid_1,
          column_ruins_open_tiny, column_ruins_open_medium
D:10:     layout_cave_pools, nicolae_trove_entry_crystal, uniq_erica
D:11:     statuecave_lemuel, layout_long_grid, minmay_lair_entry_grove,
          minmay_orc_entry_temple_small
D:12:     layout_roguey, grunt_ministairs_11,
          hangedman_abyss_or_decor_jellyfish_corner,
          hangedman_parallel_progression
D:13:     layout_loops_ring, hellmonk_vaults_order_and_chaos,
          minmay_misc_feat_encased
D:14:     layout_basic, portal_ice_cave_entry_ugly_swarm, serial_glass,
          glass_columns_a, glass_columns_b
D:15:     gammafunk_depths_entry_grave, layout_irregular_city,
          hangedman_decor_opposing
Temple:   minmay_temple_curvy_loop
Lair:1:   layout_regular_city, infiniplex_staircase_pool, uniq_gastronok,
          uniq_grum
Lair:2:   layout_loops_ring, enter_volcano_1, lemuel_fruit_fields
Lair:3:   layout_small_grid, minmay_swamp_entry_worms,
          minmay_snake_entry_six_corridors, gauntlet_entry_generic
Lair:4:   layout_layer_cave, dpeg_slime_entry_enclosed
Lair:5:   gammafunk_lair_ancient_temple, layout_gridlike,
          infiniplex_staircase_pool_2, serial_bayou_shore_a
Swamp:1:  layout_falls_marsh, evilmike_swamp_ruin_house_3, swamp_pool_1_2,
          nicolae_swamp_godswood
Swamp:2:  nicolae_swamp_secret_spriggan_hideout, layout_basic_swamp,
          serial_swamp_ruin, evilmike_swamp_ruin_house_4,
          evilmike_swamp_ruin_house_5
Swamp:3:  layout_falls_marsh, hangedman_swamp_ruin_wall
Swamp:4:  grunt_swamp_rune_castle, layout_basic_swamp
Snake:1:  layout_onion_interference
Snake:2:  layout_onion, serial_shops, nicolae_square_shop, eino_curves_01,
          uniq_azrael, uniq_vashnia, uniq_roxanne
Snake:3:  layout_cave_town, nicolae_take_the_stairs,
          nicolae_snake_salamander_fort, uniq_aizul, uniq_agnes
Snake:4:  johnstein_snake_rune_scales, layout_cave_shapes
Slime:1:  layout_caves, cheibrodos_slime_lost_civilization_5
Slime:2:  layout_caves
Slime:3:  layout_caves, cheibrodos_slime_lost_civilization_4
Slime:4:  layout_caves, nicolae_slime_rock_hall_of_fame
Slime:5:  slime_pit_nicolae_jellycorners
Orc:1:    layout_caves, ebering_ghost_rock_garden, nicolae_shop_clearance
Orc:2:    st_orc_town, layout_diamond_mine, serial_shops,
          nicolae_shop_bloodbath_and_beyond, ebering_ghost_reflecting_pool
Elf:1:    eino_elf_arrival_the_gate, layout_onion_city,
          nicolae_elf_crossing_hall, uniq_norris
Elf:2:    nicolae_elf_blades_crystal_corner, layout_rooms,
          gammafunk_ghost_grave, serial_shops, nicolae_shop_tiny_glass,
          minivault_24, serial_library_regret_index_small_wings
Elf:3:    minmay_elf_hall_not_hex, layout_loops_corners, ebering_ghost_xom,
          serial_shops, nicolae_shop_scrapyard, basic_altar,
          minmay_misc_feat_columns, uniq_saint_roka
Vaults:1: nicolae_vaults_circle_grid_b, vaults_room_glass_cross,
          nicolae_vaults_storage_closets_2, nicolae_vaults_layer_cake_slice,
          v_misc_11, nicolae_vaults_angled_halls, layout_vaults_big_room,
          serial_shops, nicolae_shop_tiny_real_fake_doors
Vaults:2: mu_enter_wizlab_5, nicolae_vaults_disjoint_gnomons,
          nicolae_vaults_six-pack, nicolae_vaults_little_squares_3,
          nicolae_vaults_closet_pinwheel_6, v_misc_17,
          nicolae_vaults_stepped_doors, minmay_crypt_entry_necro_gods,
          v_misc_18, nicolae_vaults_apartment_1, vaults_room_door_hall,
          vaults_dpeg_diagonal, nicolae_vaults_diagonal_hallway_7,
          vaults_dpeg_cross, layout_vaults_omnibox, uniq_donald, uniq_nikola
Vaults:3: nicolae_vaults_asterisk, nicolae_vaults_double_plus_2,
          nicolae_vaults_tetromino_T_1, nicolae_vaults_big_ls,
          nicolae_vaults_rhombus_5, nicolae_vaults_oval_intersection,
          vaults_dpeg_doors, vaults_standard_mumra_x,
          nicolae_vaults_trapezoid_lopsided_3,
          nicolae_vaults_little_guard_posts, layout_vaults_omnicross
Vaults:4: nicolae_vaults_little_ls, nicolae_vaults_more_shelving_2,
          gargoyle_guard, nicolae_vaults_tangram_2, serial_ice_m,
          nicolae_vaults_mini_display_case, v_misc_25,
          nicolae_vaults_network_quinsquares
          [nicolae_vaults_network_quincunx_subvault,
          nicolae_vaults_network_quincunx_subvault,
          nicolae_vaults_network_quincunx_subvault,
          nicolae_vaults_network_quincunx_subvault], serial_ice_g,
          nicolae_vaults_trapezoid_lopsided_4, vaults_room_large_hall,
          nicolae_vaults_closet_pinwheel_3, layout_vaults_maze, serial_shops,
          bzr_entry_islet, shop, nicolae_shop_statue_plus, uniq_sojobo
Depths:1: layout_honeycomb, hangedman_coc_ice_floe, corexii_leaking_fountain,
          serial_shops, nicolae_shop_tiny_statue_garden,
          hangedman_stitches_earthworm, uniq_enchantress, uniq_asterion
Depths:2: kennysheep_cluttered_fort, layout_gridlike, serial_shops,
          nicolae_shop_pleasant_corner_grove, hell_entry, pan_entry,
          minmay_misc_feat_four_crosses, minmay_staircase_bubble
Depths:3: hangedman_cross_veins, layout_cave_shapes, enter_ziggurat_b,
          abyss_entry, hell_entry, grunt_pan_entry_spiral,
          grunt_decor_mini_mirrors, infiniplex_staircase_zigzag_2
Depths:4: grunt_x_marks_the_spot, layout_gridlike, minmay_misc_feat_chi,
          grunt_pan_entry_sceptre, pf_hell_entry_tar_spiral, uniq_jory
Zot:1:    layout_cathedral_of_symmetry, hangedman_zot_decor_tridents,
          kennysheep_underground_church
Zot:2:    layout_basic, grunt_megastairs_1, lemuel_elevator, uniq_josephina
Zot:3:    layout_gridlike, grunt_ministairs_2, uniq_vv
Zot:4:    layout_cathedral_of_symmetry
Zot:5:    layout_concentric_octagons

Table legend: (Time is in decaauts)
 A = Elapsed time spent in this place.
 B = Non-inter-level travel time spent in this place.
 C = Inter-level travel time spent in this place.
 D = Time resting spent in this place.
 E = Time spent auto-exploring this place.
 F = Levels seen in this place.
 G = Mean time per level.
                   A        B        C        D        E       F      G
               +--------+--------+--------+--------+--------+-----+--------+
         Total |  57542 |  53371 |   4171 |   3187 |  35899 |  57 | 1009.5 |
       Dungeon |  16298 |  14651 |   1647 |   1423 |  10088 |  15 | 1086.5 |
        Temple |     97 |     31 |     66 |      0 |      0 |   1 |   97.0 |
          Lair |   5570 |   4982 |    588 |     18 |   3836 |   5 | 1114.0 |
         Swamp |   3518 |   3306 |    212 |      0 |   2430 |   4 |  879.5 |
     Snake Pit |   4834 |   4501 |    333 |     86 |   3142 |   4 | 1208.5 |
    Slime Pits |   2021 |   1890 |    131 |    129 |    844 |   5 |  404.2 |
  Orcish Mines |   1307 |   1174 |    133 |     29 |    816 |   2 |  653.5 |
   Elven Halls |   3707 |   3577 |    130 |    165 |   2677 |   3 | 1235.7 |
        Vaults |   6334 |   5857 |    477 |     72 |   4306 |   4 | 1583.5 |
        Depths |   5111 |   4863 |    248 |     83 |   3385 |   4 | 1277.8 |
           Zot |   6234 |   6033 |    201 |    911 |   3444 |   5 | 1246.8 |
        Bazaar |     47 |     47 |      0 |      0 |     15 |   1 |   47.0 |
         Sewer |    291 |    291 |      0 |     42 |    125 |   1 |  291.0 |
      Ice Cave |    724 |    724 |      0 |     32 |    343 |   1 |  724.0 |
       Volcano |    501 |    501 |      0 |    148 |     69 |   1 |  501.0 |
        Wizlab |    942 |    942 |      0 |     43 |    377 |   1 |  942.0 |
               +--------+--------+--------+--------+--------+-----+--------+

Top non-repeatable levels by time:
Vaults:2: 1837 daAuts
   Zot:5: 1744 daAuts
Vaults:4: 1686 daAuts
     D:7: 1685 daAuts
 Snake:2: 1566 daAuts
   Zot:3: 1489 daAuts
   Zot:4: 1484 daAuts
Depths:3: 1445 daAuts
Vaults:1: 1435 daAuts
Vaults:3: 1375 daAuts
     D:9: 1352 daAuts
   Zot:1: 1346 daAuts
   Elf:1: 1331 daAuts
   Elf:3: 1330 daAuts
     D:8: 1329 daAuts

Table legend:
 A = Kills in this place as a percentage of kills in the entire game.
 B = Kills by you in this place as a percentage of kills by you in the entire game.
 C = Kills by friends in this place as a percentage of kills by friends in the entire game.
 D = Other kills in this place as a percentage of other kills in the entire game.
 E = Experience gained in this place as a percentage of experience gained in the entire game.
 F = Experience gained in this place divided by the number of levels of this place that you have seen.
                   A       B       C       D       E      F
               +-------+-------+-------+-------+-------+----------------------
         Total | 100.0 | 100.0 | 100.0 | 100.0 | 100.0 | 21041.3
       Dungeon |  20.7 |  24.2 |   0.3 |  12.5 |   6.9 | 5523.6
          Lair |   7.5 |   8.8 |   0.0 |   0.0 |   4.2 | 10186.4
         Swamp |   7.4 |   5.2 |  20.0 |   0.0 |   7.1 | 21375.0
     Snake Pit |  10.2 |  12.0 |   0.0 |   0.0 |   9.4 | 28323.5
    Slime Pits |   5.9 |   2.6 |  24.9 |   0.0 |   6.2 | 14991.2
  Orcish Mines |   6.0 |   7.0 |   0.0 |   0.0 |   1.2 | 7004.0
   Elven Halls |   7.2 |   7.9 |   3.3 |   0.0 |   9.1 | 36261.7
        Vaults |  11.4 |   8.9 |  24.9 |  62.5 |  15.0 | 45087.2
        Depths |   9.6 |   8.4 |  16.7 |   0.0 |  15.6 | 46654.5
           Zot |   8.2 |   8.2 |   7.5 |  25.0 |  20.6 | 49382.2
         Sewer |   0.6 |   0.7 |   0.0 |   0.0 |   0.0 | 231.0
      Ice Cave |   2.4 |   2.9 |   0.0 |   0.0 |   1.6 | 18621.0
       Volcano |   0.4 |   0.5 |   0.0 |   0.0 |   0.3 | 3746.0
        Wizlab |   2.6 |   2.6 |   2.3 |   0.0 |   2.7 | 32548.0
               +-------+-------+-------+-------+-------+----------------------
